 Dungeon Crawl Stone Soup version 0.23.2-40-g277498a001 (webtiles) character file.

Game seed: 10147893560750482349

86 Destapler the Sneak (level 4, -2/30 HPs)
             Began as a Halfling Assassin on Aug 28, 2019.
             Slain by an orc
             ... wielding a +0 falchion
              (8 damage)
             ... on level 3 of the Dungeon.
             The game lasted 00:04:24 (2036 turns).

Destapler the Sneak (Halfling Assassin)             Turns: 2036, Time: 00:04:30

Health: -2/30      AC:  4    Str: 12    XL:     4   Next: 77%
Magic:  4/4        EV: 14    Int:  9    God:
Gold:   86         SH:  0    Dex: 16    Spells: 3/3 levels left

rFire    . . .     SeeInvis .   a - +2 dagger
rCold    . . .     Gourm    .   (shield restricted)
rNeg     . . .     Faith    .   w - +0 leather armour
rPois    .         Spirit   .   (no helmet)
rElec    .         Reflect  .   d - +0 cloak
rCorr    .         Harm     .   (no gloves)
MR       .....                  (no boots)
Stlth    +++.......             (no amulet)
HPRegen  0.10/turn              (no ring)
MPRegen  0.09/turn              (no ring)

@: no status effects
A: small, mutation resistance 1
a: no special abilities


You were on level 3 of the Dungeon.
You were hungry.

You visited 1 branch of the dungeon, and saw 3 of its levels.

You collected 86 gold pieces.

Inventory:

Hand Weapons
 a - a +2 dagger (weapon)
 b - a +0 blowgun
 v - a +0 hunting sling
Missiles
 e - 21 poisoned needles
 f - 5 curare-tipped needles
 i - 2 tomahawks (quivered)
 p - 15 sling bullets
 t - 8 stones
Armour
 c - a +0 robe
 d - a +0 cloak (worn)
 w - a +0 leather armour (worn)
Scrolls
 l - 5 scrolls of identify {unknown}
 o - 2 scrolls of teleportation {unknown}
 r - a scroll of remove curse {unknown}
 s - a scroll of blinking {unknown}
 y - 3 scrolls of random uselessness {unknown}
 z - a scroll of enchant weapon {unknown}
Potions
 j - 2 potions of brilliance {unknown}
 k - a potion of resistance {unknown}
 m - a potion of flight {unknown}
 n - 3 potions of lignification {unknown}
 q - a potion of might {unknown}
 u - a potion of agility {unknown}
 x - 2 potions of haste {unknown}
 A - a potion of curing {unknown}
Comestibles
 g - 4 rations
 h - 2 chunks of flesh


   Skills:
 + Level 2.3 Fighting
 + Level 3.2 Short Blades
 - Level 2.0 Throwing
 + Level 1.7 Armour
 + Level 2.2 Dodging
 + Level 4.9 Stealth


You had 3 spell levels left.
You didn't know any spells.
Your spell library was empty.

Dungeon Overview and Level Annotations

Branches:
Dungeon (3/15)

Altars:
Okawaru
Xom


Innate Abilities, Weirdness & Mutations

You are small and have problems with some larger weapons.
You are somewhat resistant to further mutation.


Message History

The orc priest shouts!
The orc shouts!
An orc comes into view. It is wielding a +0 falchion.
The orc shouts!
The orc priest mumbles some strange prayers to Beogh against you.
Beogh smites you!
You hear a shout!
An orc comes into view. It is wielding a +0 club.
The orc hits you but does no damage. The orc priest hits you.
You hit the orc priest.
The orc priest is moderately wounded.
You are feeling hungry.
A kobold comes into view.
The orc closely misses you. The orc hits you but does no damage.
You hit the orc priest.
The orc priest is heavily wounded.
The orc priest invokes the aid of Beogh against you.
Beogh smites you!
* * * LOW HITPOINT WARNING * * *
The orc hits you with a +0 falchion!
You die...

#.....## #.......
#########...
#######†..........
#.................
#.#####.###...####
#######.####.<#
#...# #
.......o.....##
#...#
######@######
#...# #oo# ....#
##.# ##...# #..
#...# .o.. .....
....... ##
.....%.. ...
....w..... ###


You could see an orc priest and 3 orcs.

Vanquished Creatures
  4 adders
  A dart slug (D:2)
  3 bats
  A giant cockroach (D:2)
  9 goblins
  6 hobgoblins
  4 jackals (D:2)
  7 kobolds
  A quokka (D:2)
  4 frilled lizards
  5 rats
45 creatures vanquished.

Notes
Turn   | Place    | Note
-------+----------+-------------------------------------------
     0 | D:1      | Destapler the Halfling Assassin began the quest for the
                  | Orb.
     0 | D:1      | Reached XP level 1. HP: 14/14 MP: 1/1
    95 | D:1      | Reached XP level 2. HP: 19/19 MP: 2/2
   452 | D:2      | Reached skill level 1 in Armour
   452 | D:2      | Reached XP level 3. HP: 24/24 MP: 3/3
   907 | D:2      | Reached XP level 4. HP: 29/29 MP: 4/4
  1818 | D:2      | Found a shimmering altar of Xom.
  1818 | D:2      | Found an iron altar of Okawaru.
  2036 | D:3      | Slain by an orc

Skill      XL: |  1  2  3 |
---------------+----------+-----
Fighting       | 2 |  2.3
Armour         | 1 |  1.7
Short Blades   | 3 |  3.2
Dodging        | 2 |  2.2
Throwing       | |  2.0
Stealth        | |  4.9

Action                   |  1- 3 |  4- 6 || total
-------------------------+-------+-------++-------
Melee: Dagger            |    55 |    54 ||   109
 Fire: Hunting sling     |     3 |       ||     3
 Stab: Sleeping          |    10 |     5 ||    15
  Eat: Chunk             |       |     3 ||     3
Armor: Robe              |     3 |       ||     3
       Leather armour    |       |    10 ||    10
Dodge: Dodged            |    30 |    32 ||    62
